 Dungeon Crawl Stone Soup version 0.28.0 (webtiles) character file.

Game seed: 3206803016014174558

4 freelancePsychic the Vexing (level 1, 0/14 HPs)
             Began as a Human Enchanter on Feb 9, 2022.
             Slain by a rat (2 damage)
             ... on level 1 of the Dungeon.
             The game lasted 00:02:07 (392 turns).

freelancePsychic the Vexing (Human Enchanter)        Turns: 392, Time: 00:02:07

Health: 0/14       AC:  2    Str:  8    XL:     1   Next: 77%
Magic:  3/3        EV: 12    Int: 15    God:
Gold:   27         SH:  0    Dex: 13    Spells: 4/4 levels left

rFire   . . .      SeeInvis .   a - +1 dagger
rCold   . . .      Faith    .   (no shield)
rNeg    . . .      Spirit   .   b - +0 robe
rPois   .          Reflect  .   (no helmet)
rElec   .          Harm     .   (no cloak)
rCorr   .          Rampage  .   (no gloves)
Will    .....                   (no boots)
Stlth   ++........              (no amulet)
HPRegen 0.04/turn               (no ring)
MPRegen 0.08/turn               (no ring)

@: no status effects
A: no striking features
a: no special abilities


You were on level 1 of the Dungeon.
You visited 1 branch of the dungeon, and saw 1 of its levels.

You collected 27 gold pieces.

Inventory:

Hand Weapons
 a - a +1 dagger (weapon)
Missiles
 e - 6 poisoned darts (quivered)
Armour
 b - a +0 robe (worn)
Potions
 c - a potion of invisibility
 d - a potion of brilliance {unknown}
 f - a potion of attraction {unknown}


   Skills:
 + Level 0.4 Fighting
 + Level 1.2 Short Blades
 + Level 0.4 Throwing
 - Level 2.0 Dodging
 - Level 3.0 Stealth
 - Level 2.0 Spellcasting
 - Level 3.0 Hexes


You had 4 spell levels left.
You didn't know any spells.
Your spell library contained the following spells:

 Spells                   Type           Power      Damage    Failure   Level
 Ensorcelled Hibernation  Hex/Ice        12%        N/A       19%         2
 Confusing Touch          Hex            10%        N/A       19%         3
 Tukima's Dance           Hex            10%        N/A       19%         3
 Dazzling Flash           Conj/Hex       12%        N/A       34%         3


Dungeon Overview and Level Annotations

Branches:
Dungeon (1/15)

Altars:


Message History

You are too injured to fight recklessly!
You are too injured to fight recklessly!
You are too injured to fight recklessly!
You are too injured to fight recklessly!
You are too injured to fight recklessly!
You are too injured to fight recklessly!
You are too injured to fight recklessly!
You are too injured to fight recklessly!
You are too injured to fight recklessly!
You are too injured to fight recklessly!
You are too injured to fight recklessly!
You are too injured to fight recklessly!
You are too injured to fight recklessly!
You hit the dart slug.
The dart slug is heavily wounded.
You hit the dart slug.
The dart slug is severely wounded.
The rat misses you. The dart slug barely misses you.
You hit the dart slug.
The dart slug is severely wounded.
The rat bites you but does no damage.
You hit the dart slug but do no damage.
The dart slug is severely wounded.
The dart slug launches a dart at you. The slug dart hits you.
The rat twitches its whiskers.
The rat barely misses you.
You hit the dart slug but do no damage.
The dart slug is severely wounded.
The rat completely misses you. The dart slug closely misses you.
You hit the dart slug but do no damage.
The dart slug is severely wounded.
The rat barely misses you. The dart slug launches a dart at you.
The slug dart hits you.
* * * LOW HITPOINT WARNING * * *
You hit the dart slug but do no damage.
The dart slug is severely wounded.
The rat bites you.
You die...

# .... #### ... ...#
#.###### ##.# #......#
...###### #...$..#
####....# #......#
..##....###......#######
#.##...........r?.......
# ##.........###@.......
# #####......# #.w......
# ...#......# #........
# #.#......###........ #
#..........#........ #
#..........######### #
#..........# ###
#..........#
..###..........#


You could see a dart slug and a rat.

Vanquished Creatures
  2 bats (D:1)
  A hobgoblin (D:1)
  A ball python (D:1)
  A kobold (D:1)
5 creatures vanquished.

Notes
Turn   | Place    | Note
-------+----------+-------------------------------------------
     0 | D:1      | freelancePsychic the Human Enchanter began the quest for
                  | the Orb.
     0 | D:1      | Reached XP level 1. HP: 13/13 MP: 3/3
   392 | D:1      | Slain by a rat

Illustrated notes

Levels and vault maps discovered:
D:1:      sevenhm_arrival_forest_fort_small_3, layout_basic

Action                   || total
-------------------------++-------
Melee: Dagger            ||    25
 Stab: Sleeping          ||     1
Armor: Robe              ||     7
Dodge: Dodged            ||    34
